 Dungeon Sprint DCSS version 0.26-a0-651-gb41185065b (webtiles) character file.

Game seed: 1039814755941174965

6122 mhtbhm the Severer (level 10, -4/110 HPs)
             Began as a Minotaur Berserker on Sept 29, 2020.
             Was the Champion of Trog.
             Slain by Urug
             ... wielding a +6 eveningstar
              (15 damage)
             ... in the Dungeon (Sprint III: "The Ten Rune Challenge").
             The game lasted 00:02:32 (2076 turns).

mhtbhm the Severer (Minotaur Berserker)             Turns: 2076, Time: 00:02:32

Health: -4/110     AC: 12    Str: 25    XL:     10   Next: 59%
Magic:  9/9        EV: 12    Int:  4    God:    Trog [******]
Gold:   32         SH:  0    Dex: 10    Spells: 9/9 levels left

rFire    . . .     SeeInvis .   a - +1 broad axe (vorpal)
rCold    . . .     Faith    .   (no shield)
rNeg     . . .     Spirit   .   b - +0 chain mail
rPois    .         Reflect  .   (helmet restricted)
rElec    +         Harm     .   (no cloak)
rCorr    .         Rampage  .   (no gloves)
MR       .....     NoTele   +   (no boots)
Stlth    ..........             (no amulet)
HPRegen  0.28/turn              (no ring)
MPRegen  0.11/turn              (no ring)

@: no status effects
A: retaliatory headbutt, fangs 1, horns 2, electricity resistance
a: Berserk, Trog's Hand, Brothers in Arms, Renounce Religion


You were in the Dungeon.
You worshipped Trog.
Trog was exalted by your worship.
You visited 1 branch You collected 32 gold pieces.

Inventory:

Hand Weapons
 a - a +1 vorpal broad axe (weapon)
Armour
 b - a +0 chain mail (worn)
Wands
 p - a wand of enslavement (2)
 r - a wand of paralysis (5)
Scrolls
 h - a scroll of blinking
 i - 2 scrolls of identify {unknown}
 j - 2 scrolls of torment {unknown}
 k - 2 scrolls of amnesia {unknown}
 l - 2 scrolls of remove curse
Potions
 c - 4 potions of curing
 d - a potion of heal wounds
 e - a potion of haste
 f - 2 potions of magic
 g - 2 potions of berserk rage
 m - 2 potions of flight
 n - 4 potions of mutation
 o - a potion of might
Miscellaneous
 q - a phial of floods


   Skills:
 + Level 16.8 Fighting
 + Level 18.2 Axes
 + Level 12.4 Armour
 + Level 8.6 Dodging
 + Level 3.0 Stealth


You had 9 spell levels left.
You didn't know any spells.
Your spell library was empty.

Dungeon Overview and Level Annotations

Branches:
Dungeon (1/1)

Altars:
Cheibriados
Dithmenos
Elyvilon
Fedhas
Gozag
Hepliaklqana
Kikubaaqudgha
Makhleb
Nemelex Xobeh
Okawaru
Qazlal
Ru
Sif Muna
Trog
Uskayaw
Vehumet
Wu Jian
Xom
Yredelemnul
Zin
The Shining One
Beogh
Jiyva
Lugonu

Annotations:
D Urug


Innate Abilities, Weirdness & Mutations

You reflexively headbutt those who attack you in melee.
You have a pair of horns on your head.
You have very sharp teeth.
You are resistant to electric shocks. (rElec)


Message History

You barely miss Urug. You headbutt Urug, but do no damage.
Your bite misses Urug.
Urug is moderately wounded.
You closely miss Urug. You headbutt Urug. Your bite misses Urug.
Urug is moderately wounded.
Urug closely misses you. You furiously retaliate!
You headbutt Urug.
Your chain mail prevents you from hitting Urug.
You headbutt Urug!
Urug is heavily wounded.
You barely miss Urug.
Urug is heavily wounded.
Urug hits you with a +6 eveningstar!!
* * * LOW HITPOINT WARNING * * *
You hit Urug. You headbutt Urug, but do no damage.
You bite Urug, but do no damage.
Urug is heavily wounded.
You slash Urug! You headbutt Urug!
Urug is almost dead.
Urug hits you with a +6 eveningstar!
You die...

♣.....♣♣♣♣≈≈≈........≈≈≈...##.#
♣.≈≈≈≈'♣♣'♣≈≈≈≈≈≈≈≈≈≈≈≈♣♣P.'.#.
+.....#.÷♣♣♣♣♣♣♣♣♣♣♣♣♣♣♣♣PP##.#
♣♣♣♣♣♣#).♣♣ ♣♣♣# +# ###'♣♣♣♣♣
♣♣♣♣.##..## ♣.).##.##.#
♣♣.##.##(##+ ♣..#÷##.@.#
♣♣.##.##.o# ♣♣.##.##### ♣.....#
#######


You could see Urug.

Vanquished Creatures
  A centaur warrior (D)
  Erica (D)
  An unseen horror (D)
  A lindwurm (D)
  A deep elf mage (D)
  2 cane toads (D)
  A rime drake (D)
  A komodo dragon (D)
  2 tyrant leeches (D)
  3 redbacks (D)
  A shadow (D)
  3 wandering mushrooms (D)
  A spatial vortex (D)
  A swamp drake (D)
  A necrophage (D)
  2 centaurs (D)
  An earth elemental (D)
  A water elemental (D)
  A scorpion (D)
  A jelly (D)
  A wizard (D)
  A necromancer (D)
  3 humans (D)
  A kobold demonologist (D)
  2 oozes (D)
  2 rats (D)
37 creatures vanquished.

Vanquished Creatures (others)
  3 plants (D)
3 creatures vanquished.

Grand Total: 40 creatures vanquished

Notes
Turn   | Place    | Note
-------+----------+-------------------------------------------
     0 | D        | mhtbhm the Minotaur Berserker began the quest for the Orb.
     0 | D        | Reached XP level 1. HP: 19/19 MP: 0/0
     5 | D        | Reached skill level 4 in Axes
     8 | D        | Reached XP level 2. HP: 21/28 MP: 1/1
    81 | D        | Reached ** piety under Trog
   137 | D        | Reached skill level 5 in Fighting
   137 | D        | Reached skill level 6 in Axes
   137 | D        | Reached XP level 3. HP: 36/36 MP: 2/2
   199 | D        | Noticed a scorpion
   205 | D        | Killed a scorpion
   205 | D        | Reached skill level 7 in Axes
   205 | D        | Reached XP level 4. HP: 45/45 MP: 3/3
   228 | D        | Gained mutation: You have very sharp teeth. [potion of
                  | mutation]
   228 | D        | Gained mutation: You are resistant to electric shocks.
                  | (rElec) [potion of mutation]
   258 | D        | Noticed a water elemental
   261 | D        | Killed a water elemental
   261 | D        | Reached *** piety under Trog
   261 | D        | Reached skill level 8 in Axes
   277 | D        | Found a radiant altar of Vehumet.
   277 | D        | Found a shimmering blue altar of Sif Muna.
   277 | D        | Found an ancient bone altar of Kikubaaqudgha.
   277 | D        | Noticed a wizard
   279 | D        | Killed a wizard
   279 | D        | Reached skill level 9 in Axes
   279 | D        | Reached XP level 5. HP: 56/56 MP: 4/4
   298 | D        | Found a glowing silver altar of Zin.
   298 | D        | Found a glowing golden altar of the Shining One.
   298 | D        | Found a white marble altar of Elyvilon.
   299 | D        | Noticed a deep elf mage
   308 | D        | Killed a deep elf mage
   308 | D        | Reached **** piety under Trog
   308 | D        | Reached skill level 12 in Axes
   308 | D        | Reached skill level 5 in Armour
   308 | D        | Reached skill level 1 in Stealth
   308 | D        | Reached XP level 6. HP: 68/68 MP: 5/5
   308 | D        | Reached XP level 7. HP: 74/74 MP: 6/6
   354 | D        | Found a hide-covered altar of Uskayaw.
   354 | D        | Found a roughly hewn altar of Beogh.
   354 | D        | Found an iron altar of Okawaru.
   354 | D        | Found a bloodstained altar of Trog.
   354 | D        | Found an ornate altar of the Wu Jian Council.
   354 | D        | Noticed a human
   355 | D        | Noticed a human
   364 | D        | Killed a human
   369 | D        | Killed a human
   369 | D        | Reached skill level 13 in Axes
   450 | D        | Found a basalt altar of Yredelemnul.
   450 | D        | Found a shadowy altar of Dithmenos.
   450 | D        | Found a sacrificial altar of Ru.
   451 | D        | Reached ***** piety under Trog
   530 | D        | Noticed a shadow
   536 | D        | Killed a shadow
   536 | D        | Reached XP level 8. HP: 29/85 MP: 7/7
   638 | D        | Found a blossoming altar of Fedhas.
   638 | D        | Found a stormy altar of Qazlal.
   638 | D        | Found a snail-covered altar of Cheibriados.
   638 | D        | Found a burning altar of Makhleb.
   638 | D        | Found a shimmering altar of Xom.
   641 | D        | Found a hazy altar of Hepliaklqana.
   641 | D        | Found an opulent altar of Gozag.
   641 | D        | Found a sparkling altar of Nemelex Xobeh.
   641 | D        | Found a corrupted altar of Lugonu.
   641 | D        | Found a viscous altar of Jiyva.
   650 | D        | Reached skill level 14 in Axes
   771 | D        | Noticed Erica
   782 | D        | Killed Erica
   782 | D        | Received a gift from Trog
   782 | D        | Reached skill level 15 in Axes
   826 | D        | Reached XP level 9. HP: 95/95 MP: 8/8
   878 | D        | Noticed a centaur warrior
   889 | D        | Killed a centaur warrior
   889 | D        | Reached skill level 16 in Axes
   890 | D        | Reached skill level 15 in Fighting
  1105 | D        | Killed an unseen horror
  1174 | D        | Noticed a wandering mushroom
  1178 | D        | Noticed a wandering mushroom
  1180 | D        | Noticed a wandering mushroom
  1190 | D        | Reached ****** piety under Trog
  1203 | D        | Reached skill level 17 in Axes
  1203 | D        | Reached skill level 10 in Armour
  1406 | D        | Noticed a cane toad
  1406 | D        | Noticed a komodo dragon
  1406 | D        | Noticed a cane toad
  1412 | D        | Killed a komodo dragon
  1412 | D        | Received a gift from Trog
  1412 | D        | Reached XP level 10. HP: 107/107 MP: 9/9
  1419 | D        | Killed a cane toad
  1424 | D        | Killed a cane toad
  1686 | D        | Received a gift from Trog
  1828 | D        | Reached skill level 18 in Axes
  1833 | D        | Noticed a lindwurm
  1838 | D        | Killed a lindwurm
  2060 | D        | Noticed Urug
  2076 | D        | Slain by Urug

Illustrated notes

Levels and vault maps discovered:
D:        dungeon_sprint_mu [sprint_mu_entry_forest, sprint_mu_temple_rooms,
          sprint_mu_d1_horrors, sprint_mu_d2_genie, sprint_mu_d3_branching,
          sprint_mu_orc_legion, sprint_mu_elf_gauntlet, sprint_mu_hive_nellie,
          sprint_mu_lair_fedhas, sprint_mu_vaults_butterflies,
          sprint_mu_slime_circle, sprint_mu_swamp_cave, sprint_mu_shoals_archi,
          sprint_mu_blade_basic, sprint_mu_crypt_lich, sprint_mu_tomb_spiral,
          sprint_mu_vestibule_basic, sprint_mu_gehenna_hellfire,
          sprint_mu_dis_giant, sprint_mu_tartarus_statrot,
          sprint_mu_cocytus_islands, sprint_mu_zot1]

Skill      XL: |  1  2  3  4  5  6  7  8  9 10 |
---------------+-------------------------------+-----
Fighting       | 4 5 6 8 11 12 14 15 16 | 16.8
Axes           | 4 6 7 9 12 13 15 17 18 | 18.2
Armour         | 3 4 5 6 8 10 12 | 12.4
Dodging        | 3 4 6 7 8 |  8.6
Stealth        | 1 2 3 |  3.0

Action                   |  1- 3 |  4- 6 |  7- 9 | 10-12 || total
-------------------------+-------+-------+-------+-------++-------
Melee: Hand axe          |    19 |    16 |    96 |    12 ||   143
       Headbutt          |     3 |     3 |    26 |    12 ||    44
       Bite              |       |       |    14 |     7 ||    21
       Broad axe         |       |       |       |    25 ||    25
       Battleaxe         |       |       |       |    16 ||    16
Invok: Berserk           |     2 |     1 |     5 |       ||     8
  Use: Potion            |       |     1 |       |       ||     1
Armor: Animal skin       |       |     1 |       |       ||     1
       Chain mail        |       |       |    21 |     6 ||    27
Dodge: Dodged            |    10 |     3 |    33 |    12 ||    58

Table legend: (Time is in decaauts)
 A = Elapsed time spent in this place.
 B = Non-inter-level travel time spent in this place.
 C = Inter-level travel time spent in this place.
 D = Time resting spent in this place.
 E = Time spent auto-exploring this place.
 F = Levels seen in this place.
 G = Mean time per level.
                   A        B        C        D        E       F      G
               +--------+--------+--------+--------+--------+-----+--------+
         Total |   2107 |   2107 |      0 |   1615 |      1 |   1 | 2107.0 |
       Dungeon |   2107 |   2107 |      0 |   1615 |      1 |   1 | 2107.0 |
               +--------+--------+--------+--------+--------+-----+--------+

Top non-repeatable levels by time:
       D: 2107 daAuts
